Unix NetHack Version 3.7.0-69 Work-in-progress - last build Jan 17 2023 13:47:51 (52afb19a5a75bd13c37bd07f7a1a2262d275dfea,branch:master). Game began 2023-01-18 23:58:58, ended 2023-01-22 13:05:08. Lawliet, chaotic male human Rogue ------ ------ |....| --------------- ------- |....| |..... |.............| |.^...+# |....| ###.....| |.............| |.....|# |..[.| ## |....- |.............| -.-.---#######-..>.| ##### ------ # |.............| # #0 ## --|--- ----- ###0##############..............| # # # ## |...-######## 0 ----|-.-------- # ### # # |...| # ## # # # @ |...|##### # # #### ad |...|# # # #### # |....# # -|-.- #-.--.----- |...| ----.--|-- |...| #|.......<| ----- |....[...-#####)###-...| #|........| |........| |...| #|........| |........| |...| #.........| .........| ----- ---------- ---------- Lawliet the Rogue St:12 Dx:18 Co:13 In:14 Wi:12 Ch:9 Chaotic Dlvl:5 $:0 HP:0(48) Pw:22(22) AC:5 Exp:6 T:4330 Latest messages: The water demon bites! You miss the water demon. The water demon hits! The water demon hits! The water demon bites! You hit the water demon! The water demon hits! The water demon hits! The water demon bites! You hit the water demon! The water demon hits! The water demon hits! The water demon bites! What do you want to write with? [- ahptAG or ?*] - You write in the dust with your fingertip. What do you want to write in the dust here? Elbereth The water demon turns to flee. There is a staircase up to level 5 here. You see here a ring mail. You climb up the stairs. You remember this level as vault. Where do you want to travel to? (For instructions type a '?') You miss the giant ant. The giant ant bites! The giant ant bites! You hit the giant ant. The giant ant bites! You miss the giant ant. The giant ant bites! You hit the giant ant! The giant ant bites! The dog misses the giant ant. The giant ant bites! The dog bites the giant ant. The giant ant misses the dog. The giant ant bites! The dog bites the giant ant. What do you want to write with? [- ahptAG or ?*] - You write in the dust with your fingertip. What do you want to write in the dust here? Elbereth The giant ant bites! The dog misses the giant ant. The giant ant bites! You die... Do you want your possessions identified? [ynq] (y) y Do you want to see your attributes? [ynq] (y) y Do you want an account of creatures vanquished? [ynaq] (y) y Do you want to see your conduct and achievements? [ynq] (y) y Do you want to see the dungeon overview? [ynq] (y) y Inventory: Weapons t - 12 +0 daggers (at the ready) a - the blessed fireproof +0 Sting (weapon in hand) p - the +0 Giantslayer Armor d - an uncursed +0 dwarvish iron helm (being worn) e - an uncursed +0 orcish helm L - a cursed +0 cloak of protection c - an uncursed +1 leather armor (being worn) Comestibles W - an uncursed food ration s - a cursed food ration Wands G - a wand of lightning named 0 (0:0) h - a wand of striking (0:2) Tools b - an uncursed bag of holding containing 1 item k - an uncursed skeleton key Gems/Stones A - an uncursed worthless piece of red glass Contents of the bag of holding: a cursed +0 elven mithril-coat Lawliet the Rogue's attributes: Background: You were a Rogue, level 6 male human. You were chaotic, on a mission for Kos who was opposed by Issek (lawful) and Mog (neutral). You were in the Dungeons of Doom, on level 5. You entered the dungeon 4330 turns ago. There was a new moon in effect when your adventure ended. You had 361 experience points, 279 more were needed to attain level 7. Basics: You had 0 out of 48 hit points. You had all 22 energy points (spell power). Your armor class was 5. Your wallet was empty. Autopickup was off. Final Characteristics: Your strength was 12 (limit:18/100). Your dexterity was 18 (limit:18). Your constitution was 13 (limit:18). Your intelligence was 14 (limit:18). Your wisdom was 12 (limit:18). Your charisma was 9 (limit:18). Final Status: You were not hungry. You were unencumbered. You were wielding a dagger. You had basic skill with dagger. Final Attributes: You were piously aligned. You were poison resistant. You were telepathic. You were aware of the presence of orcs. You were stealthy. You were warded. You are dead. Miscellaneous: You encountered 1 bones level. Total elapsed playing time was 1 hour, 23 minutes and 24 seconds. Major events: Turn 1: Lawliet the chaotic male human Rogue entered the dungeon 499: found Giantslayer on the floor 1033: attained the rank of Cutpurse (level 3) 1694: entered the Gnomish Mines 1895: destroyed Gaelan's ghost, the former Pillager 3216: was bestowed with Sting by Kos 3670: attained the rank of Rogue (level 6) 4330: killed by a giant ant Vanquished creatures: a ghost an amorous demon a leprechaun a pony a yellow light 3 shriekers a gnome leader a kobold mummy a gray ooze a straw golem 4 giant ants 2 floating eyes a dwarf 2 kobold shamans 6 rothes a giant bat a werejackal 4 iguanas 2 killer bees 3 coyotes 2 gas spores 2 hobbits a manes 2 hobgoblins a giant rat 3 cave spiders a brown mold a yellow mold 5 garter snakes 3 geckos 6 jackals a fox a kobold 2 sewer rats 4 grid bugs a bat 2 lichens 4 newts 80 creatures vanquished. No species were genocided or became extinct. Voluntary challenges: You read items or engraved 7 times. You engraved Elbereth 5 times. You never genocided any monsters. You never polymorphed an object. You never changed form. You used no wishes. Achievements: You entered a shop. You attained the rank of Cutpurse. You entered the Gnomish Mines. You attained the rank of Rogue. The Dungeons of Doom: levels 1 to 6 Level 1: Some fountains, a grave. Level 2: "vault" A scroll shop. Level 3: A general store, an altar to Kos, a fountain, a grave. Stairs down to The Gnomish Mines. Level 4: A grave. Level 5: "vault" <- You were here. Final resting place for you, killed by a giant ant, Gaelan-Bar-Hum-Mal-Cha, killed by a pony. Level 6: Many fountains. Oracle of Delphi. The Gnomish Mines: Level 4: Game over: ---------- / \ / REST \ / IN \ / PEACE \ / \ | Lawliet | | 0 Au | | killed by a | | giant ant | | | | | | 2023 | *| * * * | * _________)/\\_//(\/(/\)/\//\/|_)_______ Goodbye Lawliet the Rogue... You died in The Dungeons of Doom on dungeon level 5 with 1704 points, and 0 pieces of gold, after 4330 moves. You were level 6 with a maximum of 48 hit points when you died.